 Dungeon Crawl Stone Soup version 0.27-a0-1140-g099f9bb0e8 (webtiles) character file.

Game seed: 10204669280230024289

30 jasper the Magician (level 3, -1/18 (26) HPs)
             Began as a Demonspawn Wanderer on May 8, 2021.
             Slain by a necrophage (3 damage)
             ... on level 1 of the Dungeon.
             The game lasted 00:03:55 (2019 turns).

jasper the Magician (Demonspawn Wanderer)           Turns: 2019, Time: 00:03:55

HP:   -1/18 (26)    AC:  6    Str: 11    XL:     3   Next: 3%
MP:   7/8           EV: 10    Int: 16    God:
Gold: 20            SH:  0    Dex: 11    Spells: 4/10 levels left

rFire    . . .     SeeInvis .   (no weapon)
rCold    . . .     Faith    .   (no shield)
rNeg     . . .     Spirit   .   b - +0 ring mail
rPois    .         Reflect  .   (no helmet)
rElec    .         Harm     .   h - +0 cloak
rCorr    .         Rampage  .   (no gloves)
Will     .....                  (no boots)
Stlth    +.........             (no amulet)
HPRegen  0.06/turn              (no ring)
MPRegen  0.11/turn              (no ring)

@: very heavily drained
A: ignite blood 1, powered by pain 1
a: no special abilities


You were on level 1 of the Dungeon.
You visited 1 branch of the dungeon, and saw 2 of its levels.

You collected 20 gold pieces.

Inventory:

Hand Weapons
 a - a +0 club
 e - a +0 dagger
Armour
 b - a +0 ring mail (worn)
 c - a +0 robe
 h - a +0 cloak (worn)
Scrolls
 d - a scroll of noise {unknown}
 f - a scroll of vulnerability {unknown}
 g - 2 scrolls of identify {unknown}
 i - a scroll of enchant armour {unknown}


   Skills:
 + Level 1.1 Fighting
 - Level 0.7 Maces & Flails
 + Level 0.9 Dodging
 - Level 1.7 Stealth
 + Level 0.3 Unarmed Combat
 - Level 4.0 Spellcasting
 - Level 3.2 Necromancy
 * Level 0.7 Translocations
 * Level 1.2 Transmutations


You had 4 spell levels left.
You knew the following spells:

 Your Spells              Type           Power      Damage    Failure   Level
a - Magic Dart            Conj           12%        1d3       38%         1
b - Blink                 Tloc           N/A        N/A       43%         2
c - Wereblood             Tmut           7%         N/A       36%         2
d - Beastly Appendage     Tmut           14%        N/A       24%         1

Your spell library contained the following spells:

 Spells                   Type           Power      Damage    Failure   Level
 Call Imp                 Summ           3%         N/A       52%         2
 Searing Ray              Conj           6%         3d3       52%         2
 Slow                     Hex            3%         N/A       52%         2
 Spider Form              Tmut/Pois      2%         N/A       67%         3
 Conjure Flame            Conj/Fire      3%         6-21      77%         3
 Dazzling Flash           Conj/Hex       6%         N/A       77%         3
 Mephitic Cloud           Conj/Pois/Air  3%         N/A       77%         3
 Ice Form                 Ice/Tmut       5%         N/A       97%         4
 Iskenderun's Mystic Bla  Conj/Tloc      4%         2d3       98%         4
 Fulminant Prism          Conj/Hex       1%         3d6       99%         4
 Hydra Form               Tmut           3%         N/A       100%        5


Dungeon Overview and Level Annotations

Branches:
Dungeon (2/15)

Altars:

Shops:
D:1 !


Innate Abilities, Weirdness & Mutations

Your demonic aura sometimes causes spilled blood to erupt in flames.
You sometimes gain a little power by taking damage.


Message History

The necrophage barely misses you.
You closely miss the necrophage.
You headbutt the necrophage, but do no damage.
The necrophage is moderately damaged.
The necrophage hits you.
You feel drained.
You take 7 damage, and have 16/23 hp.
MASSIVE DAMAGE!!
You barely miss the necrophage. Your kick misses the necrophage.
The necrophage is moderately damaged.
The necrophage hits you.
You feel drained.
Casting: Beastly Appendage (safe; 24% risk of failure)
Confirm with . or Enter, or press ? or * to list all spells.
You extend your transformation's duration.
The necrophage hits you.
You feel drained.
You take 2 damage, and have 14/21 hp.
You now have 5/8 mp.
You barely miss the necrophage.
The necrophage is moderately damaged.
The necrophage hits you but does no damage.
You hit the necrophage but do no damage.
You claw the necrophage, but do no damage.
The necrophage is moderately damaged.
The necrophage hits you.
You take 4 damage, and have 10/21 hp.
You hit the necrophage. You headbutt the necrophage!
The necrophage is heavily damaged.
The necrophage hits you.
You feel drained.
You take 1 damage, and have 9/20 hp.
You closely miss the necrophage.
The necrophage is heavily damaged.
Your transformation is almost over.
The necrophage hits you.
* * * LOW HITPOINT WARNING * * *
You feel drained.
* * * LOW HITPOINT WARNING * * *
You take 8 damage, and have 1/18 hp.
MASSIVE DAMAGE!!
Your horns disappear.
Your talons disappear.
There is an open door here.
You aren't carrying any potions.
Unknown command.
The necrophage hits you.
You die...

##)##+########
#################....†.......#
................+....>.......#
##.####.#########...†........#
##....#.# #............#######
##....#.###'#####.###.##
##....#........##...#.#
.#....#...))...##...#.#
......#........n@..##.#
.#....#.###'###.##....#
.#.......##.###....####
..##'##..##...........#
#.##.##..#######...##.#########
#........# ####..##.........###
#..##.#.## #.....#######......#
#...#.#.# #.###.# #...##.#
#.#.#...######.#.#.# ###[..#.#


You could see a necrophage.

Vanquished Creatures
  3 ball pythons (D:1)
  4 endoplasms
  2 giant cockroaches (D:1)
  2 goblins (D:1)
  4 hobgoblins (D:1)
  4 jackals (D:1)
  2 bats (D:1)
  A frilled lizard (D:1)
  A kobold (D:1)
  3 rats (D:1)
26 creatures vanquished.

Notes
Turn   | Place    | Note
-------+----------+-------------------------------------------
     0 | D:1      | jasper the Demonspawn Wanderer began the quest for the Orb.
     0 | D:1      | jasper set off with the following items: a +0 club, 2
                  | potions of lignification, a +0 robe, a +0 dagger; and the
                  | following spell memorised: Magic Dart; and the following
                  | spells available to memorise: Blink, Call Imp, Slow,
                  | Conjure Flame, Mephitic Cloud
     0 | D:1      | Reached XP level 1. HP: 13/13 MP: 5/5
   417 | D:1      | Gained mutation: You sometimes gain a little power by
                  | taking damage. [demonic ancestry]
   417 | D:1      | Reached XP level 2. HP: 16/20 MP: 1/7
   424 | D:1      | Reached skill level 1 in Fighting
   439 | D:1      | Learned a level 2 spell: Blink
   442 | D:1      | Learned a level 2 spell: Wereblood
   831 | D:1      | HP: 1/21 [hobgoblin (4)]
  1143 | D:1      | Learned a level 1 spell: Beastly Appendage
  1233 | D:1      | Found Qumac's Distillery.
  1686 | D:1      | Found a faded altar of an unknown god.
  1933 | D:1      | Gained mutation: Your demonic aura sometimes causes spilled
                  | blood to erupt in flames. [demonic ancestry]
  1933 | D:1      | Reached XP level 3. HP: 24/26 MP: 8/8
  1979 | D:2      | Noticed a necrophage
  2019 | D:1      | Slain by a necrophage

Illustrated notes

Levels and vault maps discovered:
D:1:      saegor_arrival_simple_c, layout_basic, ebering_ecumenical_altar_ruins,
          serial_shops, nicolae_shop_stone, minmay_tromino_i2
D:2:      layout_rooms

Skill      XL: |  1  2 |
---------------+-------+-----
Fighting       | 1 |  1.1
Maces & Flails | |  0.7
Dodging        | |  0.9
Stealth        | |  1.7
Unarmed Combat | |  0.3
Spellcasting   | |  4.0
Necromancy     | |  3.2
Translocations | |  0.7
Transmutations | |  1.2

Action                   || total
-------------------------++-------
Melee: Club              ||     8
       Unarmed           ||   117
       Kick              ||     5
       Headbutt          ||     3
 Cast: Magic Dart        ||    39
       Beastly Appendage ||     3
  Use: Potion            ||     2
Armor: Robe              ||    17
       Skin              ||    14
       Ring mail         ||    38
Dodge: Dodged            ||    80

Table legend: (Time is in decaauts)
 A = Elapsed time spent in this place.
 B = Non-inter-level travel time spent in this place.
 C = Inter-level travel time spent in this place.
 D = Time resting spent in this place.
 E = Time spent auto-exploring this place.
 F = Levels seen in this place.
 G = Mean time per level.
                   A        B        C        D        E       F      G
               +--------+--------+--------+--------+--------+-----+--------+
         Total |   2023 |   1944 |     79 |    758 |    830 |   2 | 1011.5 |
       Dungeon |   2023 |   1944 |     79 |    758 |    830 |   2 | 1011.5 |
               +--------+--------+--------+--------+--------+-----+--------+

Top non-repeatable levels by time:
     D:1: 1976 daAuts
     D:2: 46 daAuts
